Map: Acropolis LE

Players

Hjax

  • Race: Protoss Protoss
  • Spawn Location: 5:00

JonSnow - Winner!

  • Race: Zerg Zerg
  • Spawn Location: 11:00

VOD

Have the link to the VOD?

Description

Time

  • Played on: Sept. 6, 2019, 2:07 p.m.
  • Length: 10:38
Show
View Real Time Build Order
Export as new Build Order

Hjax Protoss 

Build Orders: 1 Gate Expand 

Get SALT Encoding   

  12  0:00  Probe  
  13  0:13  Probe  
  14  0:18  Pylon  
  14  0:24  Probe  
  15  0:32  Probe  
  15  0:38  Gateway  
  15  0:40  Probe  
  16  0:47  Assimilator  
  17  0:52  Probe  
  18  1:04  Probe  
  19  1:16  Probe  
  20  1:23  Nexus  
  20  1:29  Probe  
  21  1:37  Cybernetics Core  
  21  1:41  Probe  
  22  1:48  Assimilator  
  22  1:52  Pylon  
  22  1:54  Probe  
  23  2:03  Adept  
  23  2:08  Probe  
  26  2:16  Probe  
  26  2:18  Twilight Council  
  27  2:23  Warp Gate  
  27  2:24  Adept  
  27  2:28  Probe  
  27  2:34  Resonating Glaives  
  27  2:35  Probe  
  31  2:40  Probe  
  32  2:47  Probe  
  33  2:53  Probe, Adept  
  36  2:59  Probe  
  36  3:05  Probe  
  38  3:13  Gateway  
  38  3:14  Gateway  
  38  3:15  Probe  
  38  3:17  Probe  
  40  3:22  Pylon  
  40  3:25  Adept  
  42  3:30  Probe  
  43  3:35  Probe, Robotics Facility  
  44  3:42  Probe  
  44  3:47  Pylon, Probe  
  46  3:54  Probe  
  47  4:06  Dark Shrine  
  47  4:11  Adept x3  
  47  4:13  Assimilator  
  47  4:15  Warp Prism, Assimilator  
  53  4:23  Probe  
  54  4:28  Gateway  
  56  4:31  Adept  
  52  5:01  Probe  
  52  5:03  Immortal  
  52  5:05  Probe  
  48  5:11  Pylon  
  48  5:12  Nexus  
  48  5:13  Probe  
  51  5:17  Probe  
  51  5:19  Dark Templar x2  
  51  5:20  Dark Templar  
  58  5:28  Probe  
  59  5:32  Gateway  
  59  5:33  Gateway  
  59  5:34  Probe  
  60  5:35  Pylon  
  60  5:37  Pylon  
  58  5:44  Immortal  
  58  5:49  Probe  
  63  5:52  Gateway  
  63  5:55  Sentry x3  
  67  6:02  Adept  
  69  6:07  Gateway  
  69  6:17  Shield Battery  
  69  6:19  Sentry x2  
  69  6:20  Adept  
  69  6:25  Probe x3  
  78  6:38  Adept x2  
  82  6:49  Adept  
  82  7:10  Adept x8  
  82  7:12  Robotics Bay  
  98  7:18  Probe x3  
  95  7:30  Probe  
  95  7:31  Probe  
  95  7:32  Probe  
  95  7:33  Blink, Stalker  
  100  7:37  Pylon  
  100  7:38  Pylon x2  
  100  7:40  Pylon  
  100  7:42  Probe, Assimilator, Robotics Facility  
  101  7:44  Assimilator  
  101  7:48  Pylon  
  101  7:50  Pylon, Disruptor  
  101  7:52  Pylon  
  101  7:54  Pylon  
  101  7:55  Probe x3  
  104  8:02  Stalker  
  109  8:07  Probe  
  110  8:17  Adept x6  
  114  8:22  Dark Templar  
  106  8:48  Stalker x2  
  106  8:49  Stalker x4  
  106  8:58  Disruptor  
  89  9:10  Stalker x2  
  91  9:22  Stalker x5  
  76  9:40  Adept x3  
  72  9:49  Stalker x2  
  68  9:59  Pylon  
  64  10:03  Dark Templar  
  62  10:17  Pylon  
Show
View Real Time Build Order
Export as new Build Order

JonSnow Zerg - Winner!

Build Orders: Hatch First 

Get SALT Encoding   

  12  0:01  Drone  
  13  0:13  Overlord  
  13  0:16  Drone  
  14  0:33  Drone x2  
  16  0:47  Hatchery  
  15  0:52  Drone  
  15  0:55  Drone  
  17  0:59  Drone  
  18  1:06  Extractor  
  17  1:15  Spawning Pool  
  17  1:18  Drone  
  17  1:20  Drone  
  18  1:31  Drone  
  19  1:41  Drone  
  20  1:50  Overlord  
  20  2:00  Drone x2  
  22  2:01  Queen  
  22  2:03  Queen  
  22  2:08  Metabolic Boost  
  26  2:11  Zergling x2  
  26  2:14  Zergling x2  
  28  2:22  Drone  
  29  2:25  Drone  
  30  2:36  Hatchery  
  29  2:45  Pneumatized Carapace  
  29  2:47  Drone x3  
  32  2:54  Queen  
  32  2:58  Drone  
  35  3:05  Overlord  
  35  3:07  Drone  
  36  3:24  Zergling x4  
  36  3:25  Drone x5  
  43  3:33  Overlord  
  43  3:36  Queen  
  43  3:37  Roach Warren  
  44  3:47  Queen  
  46  3:49  Drone x4  
  46  3:54  Drone x2  
  46  3:55  Drone  
  53  4:00  Lair  
  53  4:02  Drone  
  54  4:06  Extractor  
  54  4:08  Extractor  
  52  4:12  Overlord  
  52  4:14  Drone x4  
  56  4:18  Roach  
  56  4:23  Overlord  
  58  4:32  Roach  
  58  4:33  Roach x3  
  66  4:41  Zergling x14  
  70  4:47  Roach x3  
  70  4:50  Drone x2  
  74  4:54  Drone x2  
  72  5:02  Drone x2, Overseer  
  72  5:04  Drone  
  72  5:05  Drone  
  72  5:08  Drone  
  72  5:09  Drone  
  72  5:13  Overseer  
  74  5:23  Overlord  
  74  5:28  Glial Reconstitution, Overlord  
  74  5:30  Overlord x2  
  74  5:38  Drone  
  74  5:40  Overlord  
  72  5:45  Drone x7  
  72  5:47  Drone  
  72  5:49  Drone  
  77  5:52  Drone x2  
  77  5:55  Drone  
  79  6:01  Drone x3  
  79  6:02  Overseer  
  82  6:04  Drone  
  82  6:06  Drone  
  85  6:11  Ravager  
  85  6:20  Extractor, Drone x4  
  85  6:21  Extractor  
  85  6:23  Evolution Chamber  
  85  6:24  Roach x4  
  94  6:29  Overlord  
  94  6:31  Ravager x5  
  99  6:36  Extractor  
  99  6:38  Roach x4  
  106  6:43  Roach  
  108  6:51  Roach x3  
  108  7:04  Roach x4  
  108  7:07  Overlord  
  116  7:09  Zergling x8  
  120  7:16  Roach  
  120  7:19  Overlord  
  122  7:29  Overlord  
  120  7:30  Zerg Missile Weapons Level 1  
  120  7:31  Zergling x16  
  120  7:33  Ravager x2  
  120  7:36  Overlord  
  130  7:38  Overlord  
  130  7:41  Roach  
  132  7:45  Roach  
  132  7:46  Roach x2  
  132  7:47  Overlord  
  138  7:54  Overseer  
  138  7:58  Roach x7  
  152  8:00  Overlord, Ravager x2  
  152  8:02  Drone  
  155  8:07  Roach  
  158  8:12  Roach  
  158  8:13  Hatchery, Roach x2  
  158  8:19  Roach x3  
  164  8:21  Overlord  
  162  8:30  Roach x4  
  162  8:32  Ravager  
  162  8:33  Ravager x3  
  174  8:35  Overseer  
  172  8:46  Roach x6  
  172  8:51  Zergling x6  
  165  8:56  Roach x2  
  165  9:01  Zergling x10  
  159  9:09  Roach x3  
  154  9:16  Roach x4  
  153  9:22  Roach x2  
  153  9:23  Roach  
  138  9:33  Roach x5  
  148  9:39  Roach  
  148  9:40  Roach  
  147  9:48  Roach x2  
  147  9:49  Roach x2  
  153  9:54  Overseer x3  
  153  9:59  Roach x2  
  155  10:13  Zergling x16  
  131  10:22  Spire  
Tags
 
Add a new tag
Caveats
  • Supply blocks, unpowered buildings, or Contaminate may cause inaccurate times.
  • Supply counts are checked every 10 seconds.